 Dungeon Crawl Stone Soup version 0.30-a0-51-g784eafce7f (webtiles) character file.

Game seed: 6845994638792298889

536 BritishOli the Trooper (level 7, -3/57 HPs)
             Began as a Demonspawn Fighter on Sept 6, 2022.
             Splashed by a jelly's acid (11 damage)
             ... on level 4 of the Dungeon.
             The game lasted 00:04:59 (4290 turns).

BritishOli the Trooper (Demonspawn Fighter)         Turns: 4290, Time: 00:04:59

Health: -3/57      AC: -3    Str: 18    XL:     7   Next: 4%
Magic:  7/7        EV:  9    Int:  9    God:
Gold:   191        SH:  4    Dex: 13    Spells: 6/6 levels left

rFire   . . .      SeeInvis .    v - +2 falchion (freeze)
rCold   . . .      Faith    .    c - +0 buckler
rNeg    . . .      Spirit   .    b - +0 scale mail
rPois   .          Reflect  .    e - +1 hat
rElec   .          Harm     .    (no cloak)
rCorr   .          Rampage  .    (gloves unavailable)
Will    .....                    (no boots)
Stlth   ..........               (no amulet)
HPRegen 0.19/turn                n - +4 ring of protection
MPRegen 0.10/turn                (no ring)

@: corroded
A: claws 3, weakness stinger 2
a: no special abilities


You were on level 4 of the Dungeon.
You visited 1 branch of the dungeon, and saw 4 of its levels.

You collected 191 gold pieces.

Inventory:

Hand Weapons
 v - a +2 falchion of freezing (weapon)
Missiles
 p - 6 javelins (quivered)
Armour
 b - a +0 scale mail (worn)
 c - a +0 buckler (worn)
 e - a +1 hat (worn)
Jewellery
 n - a +4 ring of protection (left claw)
 s - a ring of wizardry
Wands
 q - a wand of iceblast (10)
Scrolls
 f - 2 scrolls of amnesia {unknown}
 h - 3 scrolls of magic mapping {unknown}
 i - 3 scrolls of teleportation {unknown}
 l - 2 scrolls of identify {unknown}
 m - a scroll of immolation {unknown}
 o - a scroll of fog {unknown}
Potions
 a - 2 potions of ambrosia {unknown}
 d - 2 potions of might
 g - 3 potions of curing
 j - a potion of heal wounds {unknown}
 k - a potion of lignification {unknown}
 r - a potion of degeneration {unknown}
 t - a potion of cancellation {unknown}
 u - a potion of attraction {unknown}


   Skills:
 + Level 5.9 Fighting
 - Level 2.0 Long Blades
 + Level 5.3 Armour
 - Level 3.0 Shields


You had 6 spell levels left.
You didn't know any spells.
Your spell library contained the following spells:

 Spells                   Type           Power      Damage    Failure   Level
 Summon Small Mammal      Summ           0%         N/A       85%         1
 Call Canine Familiar     Summ           0%         N/A       99%         3
 Ozocubu's Armour         Ice            0%         N/A       99%         3
 Summon Guardian Golem    Hex/Summ       0%         N/A       99%         3
 Metabolic Englaciation   Hex/Ice        0%         N/A       100%        5
 Simulacrum               Ice/Necr       0%         N/A       100%        6


Dungeon Overview and Level Annotations

Branches:
Dungeon (4/15)             Temple (0/1) D:4

Altars:

Annotations:
D:1 1 transporter


Innate Abilities, Weirdness & Mutations

You have claws for hands.
You have a tail ending in a sharp stinger.


Message History

The jelly barely misses you.
A jelly is nearby!
You hit the jelly. You freeze the jelly.
Your claws burn!
The jelly is heavily wounded.
The jelly completely misses you.
A jelly is nearby!
You completely miss the jelly.
The jelly is heavily wounded.
The jelly hits you.
You are splashed with acid.
A jelly is nearby!
You hit the jelly but do no damage. The acid corrodes you!
Your claws burn!
The jelly is heavily wounded.
The jelly hits you. The acid corrodes you!
You are splashed with acid.
The jelly hits you but does no damage.
A jelly is nearby!
A jelly is nearby!
You barely miss the jelly.
The jelly is heavily wounded.
The jelly hits you but does no damage.
You hit the jelly. You freeze the jelly.
Your claws burn!
The jelly is severely wounded.
The jelly hits you.
You are splashed with acid.
You are too injured to fight recklessly!
A jelly is nearby!
You are too injured to fight recklessly!
You are too injured to fight recklessly!
You are too injured to fight recklessly!
You hit the jelly but do no damage.
Your claws burn!
The jelly is severely wounded.
The jelly hits you. The acid corrodes you!
You are splashed with acid.
* * * LOW HITPOINT WARNING * * *
You hit the jelly but do no damage.
Your claws burn!
* * * LOW HITPOINT WARNING * * *
The jelly is severely wounded.
The jelly barely misses you.
The jelly jiggles.
The jelly hits you.
* * * LOW HITPOINT WARNING * * *
The acid corrodes you!
You are splashed with acid!
You die...

.## ###..# .. ###....
....## #.....
##....####....
.#....#.#....###### .
........#.....#.?.###..#
......................##
#......#.......)@J......
# #...##..............#
####................####
.#...#..............#
....###..............#
.#..###.#.............#
##..>...##..#.........#
##....####.####.......#
......# .. ..


You could see a jelly.

Vanquished Creatures
  A phantom (D:4)
  A kobold brigand (D:3)
  A howler monkey (D:4)
  A hound (D:4)
  Jessica (D:3)
  2 iguanas
  Natasha (D:4)
  2 orc wizards (D:3)
  3 gnolls (D:2)
  5 adders
  A white imp (D:3)
  A worm (D:2)
  A dart slug (D:3)
  5 orcs (D:3)
  5 endoplasms
  A giant cockroach (D:2)
  3 goblins
  8 hobgoblins
  3 jackals (D:3)
  17 kobolds
  2 quokkas
  6 ball pythons
  5 bats
  14 frilled lizards
  11 rats
  A spectral goblin (D:1)
102 creatures vanquished.

Vanquished Creatures (others)
  7 plants (D:2)
7 creatures vanquished.

Grand Total: 109 creatures vanquished

Notes
Turn   | Place    | Note
-------+----------+-------------------------------------------
     0 | D:1      | BritishOli the Demonspawn Fighter began the quest for the
                  | Orb.
     0 | D:1      | Reached XP level 1. HP: 18/18 MP: 1/1
   306 | D:1      | Discovered your monstrous ancestry.
   306 | D:1      | Gained mutation: You have sharp fingernails. [demonic
                  | ancestry]
   306 | D:1      | Reached XP level 2. HP: 24/24 MP: 2/2
   388 | D:1      | Found a faded altar of an unknown god.
   877 | D:1      | Reached XP level 3. HP: 7/29 MP: 3/3
  1795 | D:2      | Gained mutation: You have a small tail. [demonic ancestry]
  1795 | D:2      | Reached XP level 4. HP: 32/37 MP: 4/4
  2024 | D:3      | HP: 1/37 [gnoll/+0 flail (1)]
  2419 | D:3      | Gained mutation: You have very sharp fingernails. [demonic
                  | ancestry]
  2419 | D:3      | Reached XP level 5. HP: 9/43 MP: 5/5
  3024 | D:3      | Noticed Jessica
  3038 | D:3      | Killed Jessica
  3188 | D:3      | Reached skill level 5 in Fighting
  3438 | D:3      | Gained mutation: You have claws for hands. [demonic
                  | ancestry]
  3438 | D:3      | Reached XP level 6. HP: 14/51 MP: 6/6
  3962 | D:4      | Reached skill level 5 in Armour
  4218 | D:4      | Found a staircase to the Ecumenical Temple.
  4274 | D:4      | Noticed Natasha
  4278 | D:4      | Killed Natasha
  4279 | D:4      | Gained mutation: You have a tail ending in a sharp stinger.
                  | [demonic ancestry]
  4279 | D:4      | Reached XP level 7. HP: 53/57 MP: 7/7
  4290 | D:4      | Splashed by a jelly's acid

Illustrated notes

Levels and vault maps discovered:
D:1:      spicycebolla_arrival_transporter_tutorial, layout_basic,
          dreamdust_ecumenical_altar_drowned_temple
D:2:      layout_rooms, minmay_lizard_king
D:3:      cheibrodos_thug_alley, layout_basic, uniq_jessica
D:4:      layout_cave_pools, minmay_temple_entry_overgrown, uniq_sigmund,
          uniq_natasha, uniq_grinder

Skill      XL: |  1  2  3  4  5  6 |
---------------+-------------------+-----
Long Blades    | 2 |  2.0
Shields        | 3 |  3.0
Armour         | 3 4 5 |  5.3
Fighting       | 4 5 |  5.9

Action                   |  1- 3 |  4- 6 |  7- 9 || total
-------------------------+-------+-------+-------++-------
Melee: Long sword        |   132 |   136 |       ||   268
       Tailslap          |       |    21 |       ||    21
       Falchion          |       |    65 |     9 ||    74
  Use: Potion            |       |     1 |       ||     1
Armor: Scale mail        |    80 |   136 |     2 ||   218
Dodge: Dodged            |    77 |    99 |     3 ||   179
Block: Buckler           |    43 |    50 |       ||    93

Table legend: (Time is in decaauts)
 A = Elapsed time spent in this place.
 B = Non-inter-level travel time spent in this place.
 C = Inter-level travel time spent in this place.
 D = Time resting spent in this place.
 E = Time spent auto-exploring this place.
 F = Levels seen in this place.
 G = Mean time per level.
                   A        B        C        D        E       F      G
               +--------+--------+--------+--------+--------+-----+--------+
         Total |   4406 |   4351 |     55 |    778 |   2731 |   4 | 1101.5 |
       Dungeon |   4406 |   4351 |     55 |    778 |   2731 |   4 | 1101.5 |
               +--------+--------+--------+--------+--------+-----+--------+

Top non-repeatable levels by time:
     D:3: 1665 daAuts
     D:2: 1167 daAuts
     D:1: 1150 daAuts
     D:4: 423 daAuts
